 Dungeon Crawl Stone Soup version 0.30-a0-743-gbfdf073431 (webtiles) character file.

Game seed: 1901554308155036762

18 qeuew the Trooper (level 2, -1/24 HPs)
             Began as a Demonspawn Chaos Knight on Feb 6, 2023.
             Was a Plaything of Xom.
             Slain by a merfolk (glowing shapeshifter) (7 damage)
             ... on level 1 of the Dungeon.
             The game lasted 00:00:21 (318 turns).

qeuew the Trooper (Demonspawn Chaos Knight)          Turns: 318, Time: 00:00:22

Health: -1/24      AC:  5    Str: 12    XL:     2   Next: 51%
Magic:  2/2        EV: 11    Int: 13    God:    Xom [..*...]
Gold:   26         SH:  0    Dex: 14    Spells: 1/1 levels left

rFire   . . .      SeeInvis .    a - +0 hand axe (chaos)
rCold   . . .      Faith    .    (no shield)
rNeg    . . .      Spirit   .    b - +2 leather armour
rPois   .          Reflect  .    (no helmet)
rElec   .          Harm     .    (no cloak)
rCorr   .          Rampage  .    (no gloves)
Will    +....                    (no boots)
Stlth   ++                       (no amulet)
HPRegen 0.24/turn                d - ring of willpower
MPRegen 0.08/turn                (no ring)

@: no status effects
A: thin skeletal structure 1
a: Renounce Religion


You were on level 1 of the Dungeon.
You worshipped Xom.
You were a toy of Xom.
You visited 1 branch of the dungeon, and saw 1 of its levels.

You collected 26 gold pieces.

Inventory:

Hand Weapons
 a - a +0 hand axe of chaos (weapon)
Armour
 b - a +2 leather armour (worn)
Jewellery
 d - a ring of willpower (left hand)
Scrolls
 g - a scroll of fear {unknown}
 h - a scroll of amnesia {unknown}
Potions
 e - a potion of curing {unknown}
 f - 2 potions of flight {unknown}
Miscellaneous
 c - a piece from Xom's chessboard (15/15) (quivered)


   Skills:
 + Level 3.2 Fighting
 + Level 2.9 Axes
 + Level 2.0 Armour
 + Level 1.2 Dodging
 + Level 0.7 Evocations


You had one spell level left.
You didn't know any spells.
Your spell library contained the following spells:

 Spells                   Type           Power      Damage    Failure   Level
 Cigotuvi's Dreadful Rot  Necr/Pois/Air  0%         N/A       52%         2
 Static Discharge         Conj/Air       0%         2-2/arc   52%         2
 Vhi's Electric Charge    Tloc/Air       0%         N/A       75%         3
 Animate Armour           Summ/Erth      0%         N/A       98%         4
 Dispel Undead            Necr           0%         3d6       98%         4
 Arcjolt                  Conj/Air       0%         1d10      100%        5
 Blade Hands              Tmut           0%         N/A       100%        5
 Lightning Bolt           Conj/Air       0%         1d11      100%        5
 Death Channel            Necr           0%         N/A       100%        6
 Iron Shot                Conj/Erth      0%         9d1       100%        6


Dungeon Overview and Level Annotations

Branches:
Dungeon (1/15)

Altars:


Innate Abilities, Weirdness & Mutations

You have a somewhat thin skeletal structure. (Dex +2, Stealth+)


Message History

A ball python comes into view.
The bat completely misses you.
You barely miss the bat. The bat barely misses you.
The bat hits you but does no damage. x2
You hit the bat.
You kill the bat!
The ball python bites you but does no damage.
The ball python barely misses you.
You closely miss the ball python.
The ball python bites you but does no damage.
The ball python grabs you. The ball python constricts you.
The ball python bites you. The ball python constricts you.
You hit the ball python but do no damage.
The glowing shapeshifter loses its grip on you.
The ball python changes into a glowing shapeshifter!
Xom roars with laughter!
The glowing shapeshifter changes into a merfolk!
You hit the merfolk. You burn the merfolk.
The merfolk is lightly wounded.
The merfolk hits you!
Ouch! That really hurt!
* * * LOW HITPOINT WARNING * * *
You are too injured to fight recklessly!
You are too injured to fight recklessly!
You are too injured to fight recklessly!
You are too injured to fight recklessly!
You are too injured to fight recklessly!
You are too injured to fight recklessly!
You are too injured to fight recklessly!
You are too injured to fight recklessly!
You are too injured to fight recklessly!
You are too injured to fight recklessly!
You are too injured to fight recklessly!
You are too injured to fight recklessly!
A merfolk is nearby!
You closely miss the merfolk.
The merfolk is lightly wounded.
The merfolk hits you!
You die...
Xom giggles madly!

#...#..###...##.#
##......# ##.###.#
##.#..# ##......## #.#
#.# #).#.####......## #.#
#.####.............##
#.###.......#.####......#
#.##........#..#
##......#
............##.##
##......#
..............#..##
##......
#.).........@..##..##
#.....
#####........m..##..##
#.... #...........###..##
##...
##...$....#...##..#####..
#.....)..#..>.##...####.
#.......... #...###...###
#........... ... ###....
#..........## .. #####


You could see a merfolk shaped shifter.

Vanquished Creatures
  3 bats (D:1)
  A goblin (D:1)
  2 hobgoblins (D:1)
  2 kobolds (D:1)
  2 quokkas (D:1)
  2 ball pythons (D:1)
  A frilled lizard (D:1)
  4 rats (D:1)
17 creatures vanquished.

Notes
Turn   | Place    | Note
-------+----------+-------------------------------------------
     0 | D:1      | qeuew the Demonspawn Chaos Knight began the quest for the
                  | Orb.
     0 | D:1      | Reached XP level 1. HP: 18/18 MP: 1/1
   153 | D:1      | Reached skill level 1 in Dodging
   234 | D:1      | Gained mutation: You have a somewhat thin skeletal
                  | structure. (Dex +2, Stealth+) [demonic ancestry]
   234 | D:1      | Reached XP level 2. HP: 24/24 MP: 2/2
   316 | D:1      | a ball python changed into a glowing shapeshifter
   316 | D:1      | Noticed a glowing shapeshifter (glowing shapeshifter)
   316 | D:1      | a glowing shapeshifter changed into a merfolk
   316 | D:1      | Noticed a merfolk (glowing shapeshifter)
   318 | D:1      | Slain by a merfolk (glowing shapeshifter)

Illustrated notes

Levels and vault maps discovered:
D:1:      dpeg_arrival_central, layout_rooms, chequers_serial_rivers_room_b,
          corner_web_ring

Skill      XL: |  1  2 |
---------------+-------+-----
Dodging        | 1 |  1.2
Armour         | 2 |  2.0
Fighting       | |  3.2
Axes           | |  2.9
Evocations     | |  0.7

Action                     || total
---------------------------++-------
  Melee: Hand axe          ||    41
   Stab: Sleeping          ||     1
 Armour: Leather armour    ||    18
  Dodge: Dodged            ||    28

Table legend: (Time is in decaauts)
 A = Elapsed time spent in this place.
 B = Non-inter-level travel time spent in this place.
 C = Inter-level travel time spent in this place.
 D = Time resting spent in this place.
 E = Time spent auto-exploring this place.
 F = Levels seen in this place.
 G = Mean time per level.
                   A        B        C        D        E       F      G
               +--------+--------+--------+--------+--------+-----+--------+
         Total |    324 |    324 |      0 |      0 |    223 |   1 |  324.0 |
       Dungeon |    324 |    324 |      0 |      0 |    223 |   1 |  324.0 |
               +--------+--------+--------+--------+--------+-----+--------+

Top non-repeatable levels by time:
     D:1: 324 daAuts
